 Dungeon Crawl Stone Soup version 0.27-a0-1147-gb3d8e82157 (webtiles) character file.

Game seed: 13072969033581608585

37 dolemite99 the Chopper (level 3, -4/31 HPs)
             Began as a Hill Orc Monk on May 11, 2021.
             Was a Priest of Cheibriados.
             Slain by a gnoll
             ... wielding a +2 vorpal spear
              (9 damage)
             ... on level 2 of the Dungeon.
             The game lasted 00:01:25 (1559 turns).

dolemite99 the Chopper (Hill Orc Monk)              Turns: 1559, Time: 00:01:26

Health: -4/31      AC:  2    Str: 20    XL:     3   Next: 39%
Magic:  3/3        EV: 13    Int: 17    God:    Cheibriados [***...]
Gold:   36         SH:  0    Dex: 21    Spells: 2/2 levels left

rFire    . . .     SeeInvis .   a - +0 hand axe
rCold    . . .     Faith    .   (no shield)
rNeg     . . .     Spirit   .   b - +0 robe
rPois    .         Reflect  .   (no helmet)
rElec    .         Harm     .   (no cloak)
rCorr    .         Rampage  .   (no gloves)
Will     .....                  (no boots)
Stlth    ++........             (no amulet)
HPRegen  0.10/turn              (no ring)
MPRegen  0.08/turn              (no ring)

@: very slow
A: no striking features
a: Renounce Religion, Bend Time, Temporal Distortion


You were on level 2 of the Dungeon.
You worshipped Cheibriados.
Cheibriados was most pleased with you.
You visited 1 branch of the dungeon, and saw 2 of its levels.

You collected 36 gold pieces.

Inventory:

Hand Weapons
 a - a +0 hand axe (weapon)
Armour
 b - a +0 robe (worn)
Wands
 e - a wand of acid (8)
Scrolls
 c - 2 scrolls of identify {unknown}
 d - a scroll of acquirement {unknown}


   Skills:
 - Level 3.6 Fighting
 + Level 5.8 Axes
 - Level 2.4 Dodging
 - Level 1.5 Stealth


You had 2 spell levels left.
You didn't know any spells.
Your spell library contained the following spells:

 Spells                   Type           Power      Damage    Failure   Level
 Confusing Touch          Hex            0%         N/A       56%         3
 Gell's Gravitas          Tloc           0%         N/A       56%         3
 Petrify                  Tmut/Erth      0%         N/A       93%         4
 Metabolic Englaciation   Hex/Ice        0%         N/A       100%        5
 Yara's Violent Unravell  Hex/Tmut       0%         3d3       100%        5


Dungeon Overview and Level Annotations

Branches:
Dungeon (2/15)

Altars:
Cheibriados
Xom

Annotations:
D:2 Robin


Message History

You barely miss the jackal. The jackal bites you.
The jackal closely misses you.
You hit the jackal.
The jackal is almost dead.
The jackal closely misses you.
You hit the jackal.
You kill the jackal!
Cheibriados appreciates the change of pace.
Things that are here:
a jackal corpse; a jackal corpse You start resting.
HP restored.
A kobold is nearby!
No target in view!
No target in view!
No target in view!
There is an escape hatch in the floor here.
No target in view!
A gnoll comes into view. It is wielding a +0 spear.
A gnoll comes into view. It is wielding a +2 vorpal spear.
The gnoll shouts! x2; You hear a shout!
There is an escape hatch in the floor here.
The gnoll closely misses you. The gnoll barely misses you.
The gnoll hits you with a +0 spear.
The gnoll misses you. x3; The gnoll closely misses you.
You hit the gnoll but do no damage. You barely miss the gnoll.
The gnoll hits you with a +2 vorpal spear!
The gnoll closely misses you.
You slash the gnoll!
The gnoll is severely wounded.
You hit the gnoll.
The gnoll hits you with a +2 vorpal spear!
The gnoll hits you with a +0 spear.
* * * LOW HITPOINT WARNING * * *
You aren't carrying any potions.
You hit the gnoll.
The gnoll is severely wounded.
You hit the gnoll.
The gnoll hits you with a +2 vorpal spear!
You die...

$g<<..._... .g.g..h...(. ##. .##
.K.g........ #......
[.g..gg...... #..#..
.....gg...... #..#.# #
.............# #....# .#
..........h... #...# ..#
.......K....#.#### #...#####..##
.....#.........g@####.....†......
######.##g..#....#########
#...##>.....######### ###.
##..†...........
#..##..##.#######..
##....###.##### #..
#............###.#
#.######..##...#.# #. #.........#


You could see 2 gnolls.

Vanquished Creatures
  An adder (D:2)
  2 dart slugs (D:1)
  A ball python (D:1)
  5 bats
  3 goblins (D:1)
  2 hobgoblins (D:1)
  3 jackals (D:2)
  2 kobolds (D:1)
  A quokka (D:1)
  A rat (D:1)
21 creatures vanquished.

Notes
Turn   | Place    | Note
-------+----------+-------------------------------------------
     0 | D:1      | dolemite99 the Hill Orc Monk began the quest for the Orb.
     0 | D:1      | Reached XP level 1. HP: 19/19 MP: 1/1
   196 | D:1      | Found a faded altar of an unknown god.
   210 | D:1      | Became a worshipper of Cheibriados the Contemplative
   210 | D:1      | Reached * piety under Cheibriados
   210 | D:1      | Reached ** piety under Cheibriados
   286 | D:1      | Reached XP level 2. HP: 16/26 MP: 2/2
   287 | D:1      | Reached *** piety under Cheibriados
   472 | D:1      | Reached skill level 5 in Axes
   967 | D:2      | Found a shimmering altar of Xom.
   968 | D:2      | Noticed Robin
  1415 | D:2      | Reached XP level 3. HP: 28/31 MP: 3/3
  1559 | D:2      | Slain by a gnoll

Illustrated notes

Levels and vault maps discovered:
D:1:      scummos_arrival_simple_crosswalls, layout_basic,
          shapermc_ecumenical_altar_totnotflames
D:2:      layout_rooms, basic_altar, kennysheep_big_empty_room, uniq_robin

Skill      XL: |  1  2 |
---------------+-------+-----
Axes           | 5 |  5.8
Fighting       | |  3.6
Dodging        | |  2.4
Stealth        | |  1.5

Action                   || total
-------------------------++-------
Melee: Hand axe          ||    69
 Stab: Sleeping          ||     3
Armor: Robe              ||    23
Dodge: Dodged            ||    56

Table legend: (Time is in decaauts)
 A = Elapsed time spent in this place.
 B = Non-inter-level travel time spent in this place.
 C = Inter-level travel time spent in this place.
 D = Time resting spent in this place.
 E = Time spent auto-exploring this place.
 F = Levels seen in this place.
 G = Mean time per level.
                   A        B        C        D        E       F      G
               +--------+--------+--------+--------+--------+-----+--------+
         Total |   1844 |   1765 |     79 |    733 |    776 |   2 |  922.0 |
       Dungeon |   1844 |   1765 |     79 |    733 |    776 |   2 |  922.0 |
               +--------+--------+--------+--------+--------+-----+--------+

Top non-repeatable levels by time:
     D:1: 1563 daAuts
     D:2: 280 daAuts
